 Dungeon Crawl Stone Soup version 0.17-a0-1164-g0ba867e (webtiles) character file.

529 nuthulu the Shield-Bearer (level 7, -11/44 HPs)
             Began as a Gargoyle Fighter on May 28, 2015.
             Was an Initiate of Okawaru.
             Mangled by an ogre
             ... wielding a +0 giant spiked club
              (19 damage)
             ... on level 4 of the Dungeon.
             The game lasted 00:09:51 (3967 turns).

nuthulu the Shield-Bearer (Gargoyle Fighter)        Turns: 3967, Time: 00:09:52

Health: -11/44     AC: 13    Str: 20    XL:     7   Next: 24%
Magic:  7/7        EV:  7    Int:  9    God:    Okawaru [......]
Gold:   206        SH: 10    Dex: 10    Spells: 0 memorised, 6 levels left

rFire  . . .     SeeInvis +     a - +0 flail
rCold  + . .     Clarity  .     b - +0 scale mail
rNeg   + . .     SustAt   .     c - +0 shield
rPois  ∞         Gourm    .     (no helmet)
rElec  +         Spirit   .     (no cloak)
rCorr  .         Warding  .     (no gloves)
rMut   .         Stasis   .     i - +0 pair of boots
MR     .....                    (no amulet)
Stlth  ..........               l - ring of protection from cold
                                h - ring of see invisible

@: not resistant to hostile enchantments, extremely unstealthy
A: negative energy resistance 1, electricity resistance, unbreathing,
petrification resistance, rot immunity, AC +4
a: Renounce Religion


You were on level 4 of the Dungeon.
You worshipped Okawaru.
Okawaru was noncommittal.
You were not hungry.

You visited 1 branch of the dungeon, and saw 4 of its levels.

You collected 206 gold pieces.

Inventory:

Hand weapons
 a - a +0 flail (weapon)
Armour
 b - a +0 scale mail (worn)
 c - a +0 shield (worn)
 i - a +0 pair of boots (worn)
Jewellery
 h - a ring of see invisible (left hand)
 k - an uncursed ring of flight
 l - a ring of protection from cold (right hand)
Magical devices
 j - a wand of flame (10)
Scrolls
 d - 2 scrolls of remove curse
 g - 2 scrolls of recharging
Comestibles
 e - 5 bread rations
 f - a royal jelly
 o - a meat ration


   Skills:
 * Level 5.2 Fighting
 * Level 3.8 Maces & Flails
 * Level 5.2 Armour
 * Level 5.4 Shields
 + Level 0.3 Evocations


You had 6 spell levels left.
You didn't know any spells.

Dungeon Overview and Level Annotations

Branches:
Dungeon (4/15)
 Temple: D:4-7

Altars:
Okawaru
Yredelemnul


Innate Abilities, Weirdness & Mutations

You are resistant to torment.
Your stone body is resilient (AC +4).
You are immune to poison.
You resist negative energy.
You are resistant to electric shocks.
You can survive without breathing.
You are immune to petrification.
You are immune to rotting.


Message History

You hit the ogre.
The ogre is moderately wounded.
The kobold hits you but does no damage.
The ogre hits you with a giant spiked club!
You barely miss the ogre.
The ogre is moderately wounded.
You block the kobold's attack. You block the ogre's attack.
The kobold hits you but does no damage.
You closely miss the kobold. The kobold hits you but does no damage.
You sock the kobold!
You kill the kobold!
Okawaru accepts your kill.
You hit the ogre.
The ogre is moderately wounded.
The ogre hits you with a giant spiked club!
* * * LOW HITPOINT WARNING * * *
You closely miss the ogre.
The ogre is moderately wounded.
The ogre hits you with a giant spiked club!!
You die...

####.......##...
#...........# ..
...###.##..# .
### ##.# #..#
###..# #..#
###....## #...
#.†.#†..## #..
......###..O.##
#. ....# #..#@.#
..# #..##...# .
#..# #.....#
....# #....#
....... ....#
......... ....
.........$ .##
.......... ##
...........


You could see an ogre.

Vanquished Creatures
  The ghost of OrbSeeker the Shield-Bearer, an average FoFi (D:4)
  A centaur (D:4)
  A giant frog (D:4)
  An orc wizard (D:4)
  An iguana (D:4)
  2 worker ants
  3 gnolls (D:3)
  7 adders
  2 oozes (D:2)
  3 worms
  2 giant geckos (D:2)
  5 orcs
  7 bats
  14 hobgoblins
  A quokka (D:2)
  A ball python skeleton (D:3)
  2 giant cockroaches
  7 giant newts
  8 goblins
  14 kobolds
  9 rats
  A spectral orc (D:2)
93 creatures vanquished.

Notes
Turn   | Place    | Note
--------------------------------------------------------------
     0 | D:1      | nuthulu the Gargoyle Fighter began the quest for the Orb.
     0 | D:1      | Reached XP level 1. HP: 14/14 MP: 1/1
   126 | D:1      | Reached XP level 2. HP: 17/19 MP: 2/2
   610 | D:2      | Reached XP level 3. HP: 22/24 MP: 3/3
   830 | D:2      | Reached skill level 4 in Shields
  1166 | D:2      | Reached XP level 4. HP: 16/29 MP: 4/4
  1592 | D:2      | Found a basalt altar of Yredelemnul.
  1887 | D:3      | Reached XP level 5. HP: 28/34 MP: 5/5
  2385 | D:3      | Found an iron altar of Okawaru.
  2397 | D:3      | Became a worshipper of Warmaster Okawaru
  3022 | D:4      | Noticed OrbSeeker's ghost (average FoFi)
  3038 | D:4      | Killed OrbSeeker's ghost
  3038 | D:4      | Reached skill level 5 in Shields
  3038 | D:4      | Reached XP level 6. HP: 27/40 MP: 6/6
  3569 | D:4      | Noticed a centaur
  3584 | D:4      | Killed a centaur
  3584 | D:4      | Reached skill level 5 in Fighting
  3584 | D:4      | Reached skill level 5 in Armour
  3584 | D:4      | Reached XP level 7. HP: 17/44 MP: 7/7
  3950 | D:4      | Noticed an ogre
  3967 | D:4      | Mangled by an ogre

Vault maps used:
D:1:      dpeg_arrival_tiny_a, minmay_misc_feat_chi
D:2:      yredelemnul_forgotten_temple_becter, grunt_ministairs_10
D:3:      okawaru_gym_becter
D:4:      grunt_temple_overflow_growth_and_decay, first_bread, st_stairs_7

Action                   |  1- 3 |  4- 6 |  7- 9 || total
-------------------------+-------+-------+-------++-------
Melee: Flail             |   116 |   252 |    33 ||   401
Evoke: Wand              |       |     2 |       ||     2
  Use: Scroll            |     4 |     3 |     1 ||     8
       Potion            |     2 |     2 |       ||     4
  Eat: Chunk             |     1 |     8 |       ||     9
       Royal jelly       |       |       |     1 ||     1
